 Dungeon Crawl Stone Soup version 0.27-a0-998-g4cfe56dd59 (webtiles) character file.

Game seed: 13556758784382161185

462 karrick the Magician (level 7, -3/48 HPs)
             Began as a Djinni Fire Elementalist on Apr 17, 2021.
             Was an Initiate of Okawaru.
             Slain by Edmund
             ... wielding a +1 dire flail of protection
              (8 damage)
             ... on level 4 of the Dungeon.
             The game lasted 00:09:16 (5505 turns).

karrick the Magician (Djinni Fire Elementalist)     Turns: 5505, Time: 00:09:17

Health: -3/48      AC:  2    Str:  9    XL:     7   Next: 7%
Gold:   194        EV: 12    Int: 17    God:    Okawaru [......] SH:  0 Dex: 13

rFire    + + .     SeeInvis .   l - +1 short sword (elec)
rCold    x . .     Faith    .   (no shield)
rNeg     . . .     Spirit   .   a - +0 robe
rPois    ∞         Reflect  .   (no helmet)
rElec    .         Harm     .   (no cloak)
rCorr    .         Rampage  .   (no gloves)
Will     .....                  (boots unavailable)
Stlth    ++........             (no amulet)
HPRegen  0.16/turn              (no ring)
MPRegen  0.00/turn              (no ring)

@: flying
A: fire resistance 2, cold vulnerability 1, float, innate caster, hp casting,
extra vitality 1
a: Renounce Religion


You were on level 4 of the Dungeon.
You worshipped Okawaru.
Okawaru was noncommittal.
You visited 2 branches of the dungeon, and saw 5 of its levels.

You collected 194 gold pieces.

Inventory:

Hand Weapons
 g - a +1 dagger of protection
 l - a +1 short sword of electrocution (weapon)
 m - a +2 hand axe of draining
Armour
 a - a +0 robe (worn)
 j - a +0 leather armour
Jewellery
 c - an amulet of magic regeneration
 n - a ring of see invisible
Wands
 s - a wand of flame (14)
 t - a wand of paralysis (9)
Scrolls
 e - 7 scrolls of identify {unknown}
 f - a scroll of teleportation {unknown}
 h - a scroll of amnesia {unknown}
 p - 2 scrolls of blinking {unknown}
 q - a scroll of immolation {unknown}
Potions
 b - 2 potions of berserk rage {unknown}
 d - a potion of curing {unknown}
 i - a potion of haste {unknown}
 k - a potion of invisibility {unknown}
 o - a potion of attraction {unknown}
 r - a potion of resistance {unknown}


   Skills:
 * Level 1.8 Fighting
 + Level 1.0 Short Blades
 + Level 2.7 Dodging
 + Level 3.0 Stealth
 + Level 5.4 Spellcasting


You couldn't memorise any spells.
You knew the following spells:

 Your Spells              Type           Power      Damage    Failure   Level
a - Foxfire               Conj/Fire      92%        2x1d8     1%          1
b - Conjure Flame         Conj/Fire      23%        6-21      4%          3
c - Inner Flame           Hex/Fire       23%        N/A       4%          3
d - Sticky Flame          Conj/Fire      23%        2d4       14%         4
e - Fireball              Conj/Fire      11%        3d7       36%         5
f - Beastly Appendage     Tmut           46%        N/A       1%          1
g - Call Imp              Summ           23%        N/A       2%          2
h - Gell's Gravitas       Tloc           11%        N/A       4%          3
Your spell library was empty.

Dungeon Overview and Level Annotations

Branches:
Dungeon (4/15)             Temple (1/1) D:4

Altars:
Ashenzari
Cheibriados
Dithmenos
Elyvilon
Fedhas
Gozag
Hepliaklqana
Kikubaaqudgha
Makhleb
Nemelex Xobeh
Okawaru
Qazlal
Ru
Sif Muna
Trog
Uskayaw
Vehumet
Wu Jian
Yredelemnul
Zin
The Shining One

Annotations:
D:4 Edmund


Innate Abilities, Weirdness & Mutations

You are immune to poison.
Your flesh is very heat resistant. (rF++)
You are vulnerable to cold. (rC-)
You float through the air rather than walking.
You learn spells naturally, not from books.
Your magical power is your life essence.
You have superior vitality. (+4 HP)


Message History

The foxfire hits Edmund but does no damage.
Edmund is severely wounded.
Edmund completely misses you.
Casting: Foxfire (safe; 1% risk of failure)
Confirm with . or Enter, or press ? or * to list all spells.
You conjure some foxfire!
The foxfire hits Edmund.
Edmund is severely wounded.
The foxfire hits Edmund but does no damage.
Edmund is severely wounded.
Edmund hits you with a +1 dire flail of protection!
* * * LOW HITPOINT WARNING * * *
Your foxfire dissipates!
The foxfire hits Edmund.
Edmund is severely wounded.
There is an open door here.
Unknown command.
Casting: Foxfire (safe; 1% risk of failure)
Confirm with . or Enter, or press ? or * to list all spells.
A beastly little devil appears in a puff of frigid air.
* * * LOW HITPOINT WARNING * * *
Edmund closely misses you.
Your white imp hits Edmund.
Your white imp freezes Edmund.
Your white imp hits Edmund but does no damage.
Edmund hits your white imp with a +1 dire flail of protection!!
Your white imp dies!
Casting: Call Imp (safe; 2% risk of failure)
Confirm with . or Enter, or press ? or * to list all spells.
A beastly little devil appears in a puff of flame.
Edmund shouts!
* * * LOW HITPOINT WARNING * * *
There is an open door here.
You see here 7 boomerangs.
Edmund no longer looks unusually strong.
Your crimson imp blinks!
Casting: Call Imp (safe; 2% risk of failure)
Confirm with . or Enter, or press ? or * to list all spells.
A beastly little devil appears in a puff of flame.
* * * LOW HITPOINT WARNING * * *
Edmund hits you with a +1 dire flail of protection!
You die...

. . .## ..# #.# #.#########
#.##......###########
...'......'(.....5..#########
..##......####.@@...........#
...#......#......<..........#
...#......#.##..............#
.).#......#.................#
.).#......####..........#####
.$.#......# #..........#
...######## #####....†###
.... .......†..# .....
..........#


You could see Edmund (ally target) and a friendly crimson imp (summoned).

Vanquished Creatures
  A necrophage (D:2)
  An ogre (D:3)
  A hound (D:4)
  An iguana (D:4)
  An orc wizard (D:3)
  6 adders
  A howler monkey skeleton (D:4)
  3 worms
  2 dart slugs (D:1)
  6 orcs
  7 endoplasms
  5 giant cockroaches
  8 goblins
  5 hobgoblins
  21 jackals
  10 kobolds
  8 quokkas
  7 ball pythons
  2 bats (D:3)
  3 frilled lizards
  5 rats
104 creatures vanquished.

Vanquished Creatures (collateral kills)
  An iguana (D:4)
  Ijyb (D:3)
  A ball python (D:2)
3 creatures vanquished.

Vanquished Creatures (others)
  333 foxfires
  4 plants (D:2)
337 creatures vanquished.

Grand Total: 444 creatures vanquished

Notes
Turn   | Place    | Note
-------+----------+-------------------------------------------
     0 | D:1      | karrick the Djinni Fire Elementalist began the quest for
                  | the Orb.
     0 | D:1      | Reached XP level 1. HP: 15/15 MP: 0/0
   234 | D:1      | Reached skill level 3 in Spellcasting
   234 | D:1      | Reached XP level 2. HP: 16/21 MP: 0/0
   779 | D:1      | Reached XP level 3. HP: 23/25 MP: 0/0
   779 | D:1      | Learned a level 1 spell: Beastly Appendage
  2125 | D:2      | Noticed a necrophage
  2163 | D:2      | You are sucked into a shaft and drop 1 floor!
  2172 | D:3      | Reached XP level 4. HP: 26/31 MP: 0/0
  2715 | D:2      | Reached skill level 4 in Spellcasting
  2720 | D:2      | Killed a necrophage
  2721 | D:2      | Reached XP level 5. HP: 17/36 MP: 0/0
  2721 | D:2      | Learned a level 2 spell: Call Imp
  2930 | D:2      | Found a faded altar of an unknown god.
  3581 | D:3      | Reached skill level 1 in Fighting
  3752 | D:3      | Reached XP level 6. HP: 41/42 MP: 0/0
  3753 | D:3      | Noticed Ijyb
  3898 | D:3      | Killed Ijyb
  3904 | D:3      | Reached skill level 5 in Spellcasting
  4584 | D:4      | Found a staircase to the Ecumenical Temple.
  4598 | Temple   | Entered the Ecumenical Temple
  5235 | Temple   | Became a worshipper of Warmaster Okawaru
  5312 | D:4      | Reached skill level 1 in Short Blades
  5312 | D:4      | Reached XP level 7. HP: 39/48 MP: 0/0
  5312 | D:4      | Learned a level 3 spell: Gell's Gravitas
  5469 | D:4      | Noticed Edmund
  5505 | D:4      | Slain by Edmund

Illustrated notes

Levels and vault maps discovered:
D:1:      shiori_arrival_oz, layout_loops_ring, minmay_splitting_lines,
          st_stairs_1, minmay_3d_cube
D:2:      layout_loops_ring, hellmonk_ecumenical_altar_dog_temple,
          minmay_shallow_snake_nest
D:3:      layout_basic, interstate_on_off, minmay_close_crescents, uniq_ijyb
D:4:      layout_basic, kennysheep_mini, minmay_temple_entry_drinking_statues,
          minmay_misc_feat_five, uniq_edmund
Temple:   nicolae_temple_the_god_donut

Skill      XL: |  1  2  3  4  5  6 |
---------------+-------------------+-----
Spellcasting   | 3 4 5 |  5.4
Stealth        | 2 3 |  3.0
Fighting       | 1 |  1.8
Short Blades   | 1 |  1.0
Dodging        | |  2.7

Action                   |  1- 3 |  4- 6 |  7- 9 || total
-------------------------+-------+-------+-------++-------
Melee: Dagger            |     3 |       |       ||     3
       Short sword       |       |    41 |     5 ||    46
 Cast: Foxfire           |    78 |   120 |    18 ||   216
       Call Imp          |       |    10 |     3 ||    13
Armor: Robe              |     4 |     8 |       ||    12
Dodge: Dodged            |     7 |    32 |    10 ||    49

Table legend: (Time is in decaauts)
 A = Elapsed time spent in this place.
 B = Non-inter-level travel time spent in this place.
 C = Inter-level travel time spent in this place.
 D = Time resting spent in this place.
 E = Time spent auto-exploring this place.
 F = Levels seen in this place.
 G = Mean time per level.
                   A        B        C        D        E       F      G
               +--------+--------+--------+--------+--------+-----+--------+
         Total |   5506 |   5408 |     98 |      0 |   4648 |   5 | 1101.2 |
       Dungeon |   4845 |   4769 |     76 |      0 |   4051 |   4 | 1211.2 |
        Temple |    660 |    638 |     22 |      0 |    597 |   1 |  660.0 |
               +--------+--------+--------+--------+--------+-----+--------+

Top non-repeatable levels by time:
     D:1: 2142 daAuts
     D:2: 1189 daAuts
     D:3: 1077 daAuts
  Temple: 660 daAuts
     D:4: 436 daAuts
